 Dungeon Crawl Stone Soup version 0.31-a0-640-g39d97e502b (webtiles) character file.

Game seed: 9649837575233205094

9 qw the Shooter (level 2, -1/17 HPs)
             Began as a Gargoyle Hunter on Aug 27, 2023.
             Slain by a goblin
             ... wielding a +0 dagger
             ... led by Robin
              (4 damage)
             ... on level 1 of the Dungeon.
             The game lasted 00:00:10 (597 turns).

qw the Shooter (Gargoyle Hunter)                     Turns: 597, Time: 00:00:10

Health: -1/17      AC:  7    Str: 14    XL:     2   Next: 16%
Magic:  2/2        EV: 10    Int:  9    God:
Gold:   54         SH:  0    Dex: 13    Spells: 1/1 levels left

rFire   . . .        Y - +0 shortbow
rCold   . . .        (shield currently unavailable)
rNeg    + . .        h - +0 ring mail
rPois   inf          (no helmet)
rElec   +            (no cloak)
rCorr   .            (no gloves)
SInv    .            (no boots)
Will    .....        (no amulet)
Stlth   +            (no ring)
HPRegen 0.22/turn    (no ring)
MPRegen 0.08/turn

%: no passive effects
@: no status effects
A: sickness immunity, AC +2, negative energy resistance 1, electricity
resistance, torment resistance 1, petrification resistance
a: no special abilities


You were on level 1 of the Dungeon.
You visited 1 branch of the dungeon, and saw 2 of its levels.

You collected 54 gold pieces.


Innate Abilities, Weirdness & Mutations

You are immune to sickness and miasma.
Your stone body is resilient. (AC +2)
You are immune to poison.
You resist negative energy. (rN+)
You are resistant to electric shocks. (rElec)
You are resistant to unholy torment.
You are immune to petrification.


   Skills:
 - Level 2.1 Fighting
 - Level 4.4 Ranged Weapons
 + Level 0.2 Armour
 - Level 1.5 Dodging
 - Level 1.1 Stealth


You had one spell level left.
You didn't know any spells.
Your spell library was empty.

Inventory:

Hand Weapons
 Y - a +0 shortbow (weapon)
Armour
 h - a +0 ring mail (worn)
Potions
 e - a potion of enlightenment {unknown}

Dungeon Overview and Level Annotations

Branches:
Dungeon (2/15)

Altars:

Annotations:
D:1 Natasha
D:2 Robin


Message History

A quokka comes into view.
Robin throws the goblin at you! Natasha claws you but does no damage.
The goblin barely misses you.
589 ||| STAIRDANCE Natasha claws you.
The goblin hits you with a +0 dagger.
Robin roars a battlecry!
The goblins go into a battle-frenzy!
You hear a shout!
You climb upwards.
There is a stone staircase leading down here.
You shoot an arrow.
The arrow hits Natasha but does no damage.
The goblin completely misses you. Natasha completely misses you.
You shoot an arrow. The arrow closely misses Natasha.
The goblin hits you but does no damage. Natasha barely misses you.
You shoot an arrow. The arrow hits Natasha.
Natasha is lightly wounded.
The goblin hits you with a +0 dagger.
Natasha casts a spell.
The goblin hits you but does no damage. Natasha claws you but does no damage.
Enter note:
Enter note:
Enter note: You shoot an arrow.
The arrow hits Natasha.
Natasha is moderately wounded.
The goblin hits you but does no damage. Natasha barely misses you.
You shoot an arrow. The arrow closely misses Natasha.
The arrow hits the cerulean imp.
The cerulean imp is heavily wounded.
The cerulean imp hits you but does no damage.
Natasha barely misses you. The goblin hits you but does no damage.
You shoot an arrow. The arrow hits Natasha.
Natasha is heavily wounded.
The cerulean imp closely misses you. Natasha claws you!
The goblin hits you with a +0 dagger.
The cerulean imp hits you but does no damage.
You shoot an arrow. The arrow hits Natasha.
Natasha is almost dead.
The goblin hits you with a +0 dagger.
You die...

..........#...........#
...#####..####.########
......##.........#
...##.##.#######.#
...##.##.# #.#
##.......# #'#
####...## #####5# ##
####.####<.(gh# .#
#.......#####@# .#
#..#.##..# ### .#
#..#.##..# .#
#..#..#..# .#
#..##.#..# ##
#..##.#..# #........#
#####.#### ######.#


You could see Natasha, a cerulean imp (summoned) and a goblin (strong).

Vanquished Creatures
  A dart slug (D:1)
  2 endoplasms (D:1)
  2 goblins (D:1)
  A frilled lizard (D:1)
  A rat (D:1)
7 creatures vanquished.

Notes
Turn   | Place    | Note
-------+----------+-------------------------------------------
     0 | D:1      | qw the Gargoyle Hunter began the quest for the Orb.
     0 | D:1      | Reached XP level 1. HP: 12/12 MP: 1/1
     0 | D:1      | 0 ||| qw: Version: 0.3-a-74-g0d5e918
     0 | D:1      | 0 ||| qw: Game counter: 113
     0 | D:1      | 0 ||| qw: Melee chars always use a shield: true
     0 | D:1      | 0 ||| qw: God list: Okawaru
     0 | D:1      | 0 ||| qw: Allow faded altars: false
     0 | D:1      | 0 ||| qw: Do Orc after clearing Dungeon:15 true
     0 | D:1      | 0 ||| qw: Do second Lair branch before Depths: true
     0 | D:1      | 0 ||| qw: Lair rune preference: random
     0 | D:1      | 0 ||| qw: Goals: Normal
     0 | D:1      | 0 ||| PLANNING D:1-11
   360 | D:1      | Reached XP level 2. HP: 17/17 MP: 2/2
   541 | D:1      | 541 ||| UPGRADING to +0 ring mail.
   551 | D:1      | 551 ||| DROPPING +0 leather armour.
   552 | D:1      | 552 ||| READING scroll labelled DAXZIR OSHRAR.
   553 | D:1      | 553 ||| READING scroll labelled TEVIEG CAEPEPN.
   554 | D:1      | 554 ||| READING scroll labelled HACURI QEAPUTH.
   555 | D:1      | 555 ||| READING scroll labelled ICUKLOEXOY.
   556 | D:1      | 556 ||| DROPPING scroll of butterflies.
   577 | D:2      | Noticed Natasha
   579 | D:2      | 579 ||| STAIRDANCE
   587 | D:2      | Noticed Robin
   589 | D:2      | 589 ||| STAIRDANCE
   596 | D:1      | HP: 3/17 [goblin/+0 dagger[Robin] (2)]
   597 | D:1      | Slain by a goblin

Levels and vault maps discovered:
D:1:      amcnicky_arrival_choice, layout_loops_cross
D:2:      layout_rooms, basic_altar, hellmonk_ecumenical_altar_prayer_group,
          uniq_jessica, uniq_robin, uniq_natasha

Action                     || total
---------------------------++-------
   Fire: Shortbow          ||    32
    Use: Scroll            ||     4
 Armour: Ring mail         ||    13
  Dodge: Dodged            ||    11

Table legend:
 A = Non-vault XP
 B = Vault XP
 C = Vault XP percentage of total XP
 D = Non-vault monster count
 E = Vault monster count
 F = Vault count percentage of total count
                 A         B        C        D         E       F
            +---------+---------+-------+---------+---------+-------
      Total |      12 |       2 |  14.3 |       6 |       1 |  14.3
            +---------+---------+-------+---------+---------+-------
        D:1 |      12 |       2 |  14.3 |       6 |       1 |  14.3
            +---------+---------+-------+---------+---------+-------
